 Dungeon Crawl Stone Soup version 0.27-a0-1325-g58a489ad9e (webtiles) character file.

Game seed: 16066275650865053695

261 Nattfarinn the Magician (level 6, 0/45 HPs)
             Began as a Djinni Venom Mage on June 24, 2021.
             Shot with a sling bullet by a hobgoblin (7 damage)
             ... on level 3 of the Dungeon.
             The game lasted 00:10:12 (5256 turns).

Nattfarinn the Magician (Djinni Venom Mage)         Turns: 5256, Time: 00:10:12

Health: 0/45       AC:  3    Str:  9    XL:     6   Next: 41%
Gold:   195        EV: 12    Int: 17    God:
                   SH:  4    Dex: 13

rFire    + + .     SeeInvis .   n - +4 short sword
rCold    x . .     Faith    .   d - +0 buckler
rNeg     . . .     Spirit   .   a - +0 robe
rPois    ∞         Reflect  .   (no helmet)
rElec    .         Harm     .   (no cloak)
rCorr    .         Rampage  .   m - +0 pair of gloves
Will     +....                  (boots unavailable)
Stlth    ++........             (no amulet)
HPRegen  0.15/turn              e - ring of willpower
MPRegen  0.00/turn              (no ring)

@: flying
A: sickness immunity, fire resistance 2, cold vulnerability 1, float, innate
caster, hp casting, extra vitality 1
a: no special abilities


You were on level 3 of the Dungeon.
You visited 1 branch of the dungeon, and saw 3 of its levels.

You collected 195 gold pieces.

Inventory:

Hand Weapons
 b - a +0 mace
 l - a +0 vampiric trident
 n - a +4 short sword (weapon)
Armour
 a - a +0 robe (worn)
 d - a +0 buckler (worn)
 m - a +0 pair of gloves (worn)
Jewellery
 e - a ring of willpower (left hand)
 q - a +6 ring of intelligence
Scrolls
 f - a scroll of identify {unknown}
 h - a scroll of holy word {unknown}
 j - a scroll of vulnerability {unknown}
 o - a scroll of teleportation {unknown}
 s - a scroll of amnesia {unknown}
Potions
 c - a potion of berserk rage {unknown}
 g - a potion of heal wounds {unknown}
 i - a potion of cancellation {unknown}
 k - a potion of attraction {unknown}
 p - a potion of might {unknown}
 r - a potion of flight {unknown}


   Skills:
 - Level 2.5 Fighting
 - Level 1.1 Armour
 - Level 3.4 Dodging
 - Level 1.5 Stealth
 - Level 2.3 Shields
 + Level 3.5 Spellcasting


You couldn't memorise any spells.
You knew the following spells:

 Your Spells              Type           Power      Damage    Failure   Level
a - Sting                 Tmut/Pois      60%        1d6       4%          1
b - Poisonous Vapours     Pois/Air       30%        N/A       7%          2
c - Mephitic Cloud        Conj/Pois/Air  15%        N/A       14%         3
d - Ignite Poison         Fire/Tmut/Pois 15%        N/A       14%         3
e - Olgreb's Toxic Radia  Pois           15%        N/A       43%         4
f - Magic Dart            Conj           60%        1d6       4%          1
g - Call Imp              Summ           15%        N/A       7%          2
Your spell library was empty.

Dungeon Overview and Level Annotations

Branches:
Dungeon (3/15)

Altars:
Sif Muna


Innate Abilities, Weirdness & Mutations

You are immune to sickness and miasma.
You are immune to poison.
Your flesh is very heat resistant. (rF++)
You are vulnerable to cold. (rC-)
You float through the air rather than walking.
You learn spells naturally, not from books.
Your magical power is your life essence.
You have superior vitality. (+4 HP)


Message History

Aim: a goblin, wielding a +0 club (poisoned) Poisonous vapours surround the goblin!
The goblin looks even sicker.
You kill the goblin!
The goblin shoots a stone.
The stone misses you.
Casting: Poisonous Vapours (safe; 7% risk of failure)
Confirm with . or Enter, or press ? or * to list all spells.
Aiming: Poisonous Vapours (safe; 7% risk of failure)
Press: ? - help, Dir - move target, f - hobgoblin
Aim: a hobgoblin, wielding a +0 club Poisonous vapours surround the hobgoblin!
The hobgoblin is poisoned.
The goblin shoots a stone.
The stone misses you.
Casting: Poisonous Vapours (safe; 7% risk of failure)
Confirm with . or Enter, or press ? or * to list all spells.
Aiming: Poisonous Vapours (safe; 7% risk of failure)
Press: ? - help, Dir - move target, f - hobgoblin, p - hobgoblin
Aim: a hobgoblin, wielding a +0 hunting sling and quivering sling bullets Poisonous vapours surround the hobgoblin!
The hobgoblin is poisoned.
The hobgoblin shoots a sling bullet.
The sling bullet misses you.
Casting: Poisonous Vapours (safe; 7% risk of failure)
Confirm with . or Enter, or press ? or * to list all spells.
Aiming: Poisonous Vapours (safe; 7% risk of failure)
Press: ? - help, Dir - move target, f - goblin, p - hobgoblin
Aim: a goblin, wielding a +0 hunting sling and quivering stones Poisonous vapours surround the goblin!
The goblin is poisoned.
The hobgoblin shoots a sling bullet.
The sling bullet hits you.
* * * LOW HITPOINT WARNING * * *
Casting: Poisonous Vapours (safe; 7% risk of failure)
Confirm with . or Enter, or press ? or * to list all spells.
Aiming: Poisonous Vapours (safe; 7% risk of failure)
Press: ? - help, Dir - move target, f/p - goblin
Aim: a goblin, wielding a +0 hunting sling and quivering stones (moderately wounded, poisoned) Poisonous vapours surround the goblin!
The goblin looks even sicker.
* * * LOW HITPOINT WARNING * * *
The hobgoblin shoots a sling bullet.
The sling bullet hits you.
* * * LOW HITPOINT WARNING * * *
Okay, then.
The hobgoblin looks more healthy.
The hobgoblin shoots a sling bullet.
The sling bullet hits you!
You die...

...#### ###.#..........#########
##.# #.......................
##.#######..##..........#####..##
........................)........
......................(..).......
..≈≈≈≈≈≈≈≈.≈≈.≈≈)≈).((...≈≈..≈.≈.
≈≈≈≈≈≈≈≈≈≈≈≈≈≈≈≈))≈)≈.(..≈≈≈≈≈≈≈≈
≈≈≈≈≈≈≈≈≈≈≈≈≈≈≈≈≈≈≈g)...).≈≈≈≈≈≈≈
≈≈≈≈≈≈≈≈≈≈≈≈≈≈≈≈@≈≈ggg.).≈≈≈≈≈≈≈≈
######################''#########
..........#.......#....#.......
..........')......#..).#.......
..........#########...)########
######..........#......#.....)
#....g.....'......'"...).
.########..).......#......#......
...........g#########....########


You could see 3 hobgoblins and a goblin (very poisoned).

Vanquished Creatures
  An orc wizard (D:3)
  9 gnolls (D:3)
  3 adders
  An adder skeleton (D:3)
  2 worms (D:2)
  A dart slug (D:1)
  4 orcs (D:3)
  4 bats
  5 endoplasms
  5 giant cockroaches
  19 goblins
  14 hobgoblins
  7 jackals
  A quokka (D:2)
  9 ball pythons
  2 frilled lizards
  7 kobolds
  8 rats
102 creatures vanquished.

Notes
Turn   | Place    | Note
-------+----------+-------------------------------------------
     0 | D:1      | Nattfarinn the Djinni Venom Mage began the quest for the
                  | Orb.
     0 | D:1      | Reached XP level 1. HP: 15/15 MP: 0/0
   173 | D:1      | Found a faded altar of an unknown god.
   455 | D:1      | Reached skill level 1 in Fighting
   455 | D:1      | Reached XP level 2. HP: 19/22 MP: 0/0
  1129 | D:1      | Reached skill level 1 in Armour
  1129 | D:1      | Reached XP level 3. HP: 23/27 MP: 0/0
  1129 | D:1      | Learned a level 1 spell: Magic Dart
  2506 | D:2      | Reached skill level 1 in Shields
  2506 | D:2      | Reached XP level 4. HP: 25/33 MP: 0/0
  3133 | D:3      | Reached XP level 5. HP: 29/39 MP: 0/0
  3133 | D:3      | Learned a level 2 spell: Call Imp
  4403 | D:3      | Reached XP level 6. HP: 22/45 MP: 0/0
  5256 | D:3      | Shot with a sling bullet by a hobgoblin

Illustrated notes

Levels and vault maps discovered:
D:1:      dpeg_arrival_arbitrary_c, layout_basic,
          shapermc_ecumenical_altar_mp_urbaneastern,
          chequers_serial_rivers_large_a, minmay_pentomino_x4
D:2:      layout_rooms, serial_corexii_hall, chequers_hall_statues_y,
          corexii_hall_statues_t
D:3:      minmay_goblin_kobold_castle, layout_basic, overflow_temple_1_default

Skill      XL: |  1  2  3  4  5 |
---------------+----------------+-----
Fighting       | 1 2 |  2.5
Armour         | 1 |  1.1
Shields        | 1 2 |  2.3
Dodging        | 3 |  3.4
Spellcasting   | 3 |  3.5
Stealth        | |  1.5

Action                   |  1- 3 |  4- 6 || total
-------------------------+-------+-------++-------
Melee: Mace              |    30 |       ||    30
       Trident           |       |     5 ||     5
       Short sword       |       |    17 ||    17
 Cast: Sting             |    77 |   133 ||   210
       Poisonous Vapours |       |    15 ||    15
       Ignite Poison     |       |     1 ||     1
 Stab: Sleeping          |     1 |     1 ||     2
Armor: Robe              |    12 |    12 ||    24
Dodge: Dodged            |    46 |    54 ||   100
Block: Buckler           |    15 |    15 ||    30

Table legend: (Time is in decaauts)
 A = Elapsed time spent in this place.
 B = Non-inter-level travel time spent in this place.
 C = Inter-level travel time spent in this place.
 D = Time resting spent in this place.
 E = Time spent auto-exploring this place.
 F = Levels seen in this place.
 G = Mean time per level.
                   A        B        C        D        E       F      G
               +--------+--------+--------+--------+--------+-----+--------+
         Total |   5271 |   5245 |     26 |   2047 |   2428 |   3 | 1757.0 |
       Dungeon |   5271 |   5245 |     26 |   2047 |   2428 |   3 | 1757.0 |
               +--------+--------+--------+--------+--------+-----+--------+

Top non-repeatable levels by time:
     D:3: 2167 daAuts
     D:1: 1947 daAuts
     D:2: 1155 daAuts
